 Dungeon Crawl Stone Soup version 0.19.5 (webtiles) character file.

25 IcyNumb the Sneak (level 2, -1/13 HPs)
             Began as a Spriggan Enchanter on May 22, 2017.
             Slain by a kobold
             ... wielding a +0 short sword
              (4 damage)
             ... on level 1 of the Dungeon.
             The game lasted 00:11:02 (1500 turns).

IcyNumb the Sneak (Spriggan Enchanter)              Turns: 1500, Time: 00:11:03

Health: -1/13      AC:  3    Str:  4    XL:     2   Next: 86%
Magic:  5/7        EV: 18    Int: 16    God:
Gold:   45         SH:  0    Dex: 16    Spells: 1 memorised, 6 levels left

rFire  . . .     SeeInvis +     a - +1 dagger
rCold  . . .     Gourm    .     b - +1 robe
rNeg   . . .     Faith    .     (shield restricted)
rPois  .         Spirit   .     (helmet restricted)
rElec  .         Reflect  .     (no cloak)
rCorr  .         Harm     .     (gloves unavailable)
MR     .....                    (boots unavailable)
Stlth  +++.......               (no amulet)
                                (no ring)
                                (no ring)

@: very quick
A: unfitting armour, see invisible, herbivore 3, speed 3, slow metabolism 2
a: no special abilities


You were on level 1 of the Dungeon.
You were not hungry.

You visited 1 branch of the dungeon, and saw 1 of its levels.

You collected 45 gold pieces.

Inventory:

Hand Weapons
 a - a +1 dagger (weapon)
Armour
 b - a +1 robe (worn)
Scrolls
 e - 3 scrolls of fog {unknown}
 g - a scroll of identify {unknown}
 h - a scroll of magic mapping {unknown}
Potions
 f - a potion of degeneration {unknown}
Books
 c - a book of Maledictions

   Spells                             Type                      Level
   a - Corona                         Hexes                        1
   b - Ensorcelled Hibernation        Hexes/Ice                    2
   c - Confuse                        Hexes                        3
   d - Tukima's Dance                 Hexes                        3
   e - Dazzling Spray                 Conjuration/Hexes            3
Comestibles
 d - a bread ration


   Skills:
 - Level 0.1 Fighting
 * Level 1.7 Short Blades
 + Level 3.1 Dodging
 + Level 5.0 Stealth
 + Level 3.1 Spellcasting
 + Level 3.9 Hexes


You had 6 spell levels left.
You knew the following spells:

 Your Spells              Type           Power        Failure   Level  Hunger
a - Corona                Hex            ###....      4%          1    #......


Dungeon Overview and Level Annotations

Branches:
Dungeon (1/15)

Altars:


Innate Abilities, Weirdness & Mutations

You are very small and have problems with some larger weapons.
You are too small for most types of armour.
You have supernaturally acute eyesight. (SInv)
You are a herbivore.
You cover ground extremely quickly.
You need consume almost no food.


Message History

Confirm with . or Enter, or press ? or * to list all spells.
Aiming: Corona
Press: ? - help, Shift-Dir - straight line, f - kobold
Aim: a kobold, wielding a short sword (moderately wounded, chance to defeat MR: 69%)
The kobold is outlined in light.
The kobold hits you with a short sword.
* * * LOW HITPOINT WARNING * * *
You are too injured to fight recklessly!
You are too injured to fight recklessly!
You are too injured to fight recklessly!
You are too injured to fight recklessly!
You barely miss the kobold.
The kobold is moderately wounded.
The kobold closely misses you.
You hit the kobold but do no damage.
The kobold is moderately wounded.
The kobold hits you but does no damage.
You hit the kobold.
The kobold is heavily wounded.
The kobold hits you with a short sword.
You die...

#.......(.............#
#####################.######
#..[..............
####'#########'######
#.......##.......####
#.......##.......+...
#.(..(..##.......####
#.......##.......#
####@#####.......#### #K#
#.........## #'#
#.......#+#.
#......s#######.##..
#.......# #.รท... #.......#
####.. .......... ##.
..$.!....... ##
............. #


You could see a kobold.

Vanquished Creatures
  An ooze (D:1)
  4 giant cockroaches (D:1)
  7 jackals (D:1)
  A kobold (D:1)
  3 bats (D:1)
  A frilled lizard (D:1)
  A rat (D:1)
18 creatures vanquished.

Notes
Turn   | Place    | Note
-------+----------+-------------------------------------------
     0 | D:1      | IcyNumb the Spriggan Enchanter began the quest for the Orb.
     0 | D:1      | Reached XP level 1. HP: 9/9 MP: 5/5
   464 | D:1      | Reached XP level 2. HP: 4/13 MP: 4/6
  1487 | D:1      | Reached skill level 5 in Stealth
  1500 | D:1      | Slain by a kobold

Skill      XL: |  1  2 |
---------------+-------+-----
Spellcasting   | 3 |  3.1
Stealth        | 5 |  5.0
Fighting       | |  0.1
Short Blades   | |  1.7
Dodging        | |  3.1
Hexes          | |  3.9

Action                   || total
-------------------------++-------
Melee: Dagger            ||   170
 Cast: Corona            ||    17
 Stab: Sleeping          ||     1
Armor: Robe              ||    28
Dodge: Dodged            ||   176
